 Dungeon Crawl Stone Soup version 0.31-a0-18-gea43df2a32 (webtiles) character file.

Game seed: 8204711393851592144

9172 Dittersdorf the Fighter (level 11, 0/73 HPs)
             Began as a Gargoyle Fighter on May 10, 2023.
             Was an Elder of Qazlal.
             Slain by a two-headed ogre
             ... wielding a +0 giant club
             ... summoned by an orange crystal statue
              (7 damage)
             ... on level 10 of the Dungeon.
             The game lasted 00:14:02 (9628 turns).

Dittersdorf the Fighter (Gargoyle Fighter)          Turns: 9628, Time: 00:14:02

Health: 0/73       AC: 31    Str: 24    XL:     11   Next: 42%
Magic:  4/11       EV: 11    Int: -2 (9) God:    Qazlal [****..]
Gold:   488        SH: 16    Dex: 15    Spells: 4/10 levels left

rFire   . . .        o - +4 flail
rCold   . . .        G - +0 kite shield
rNeg    + . .        v - +0 plate armour
rPois   ∞            q - +2 helmet {SInv}
rElec   +            E - +0 cloak
rCorr   .            F - +1 pair of gloves
SInv    +            k - +0 pair of boots
Will    .....        j - amulet of regeneration Stlth
                     t - +6 ring of dexterity
HPRegen 1.12/turn    y - +5 ring of evasion
MPRegen 0.12/turn

%: repel missiles
@: slowed, lost intelligence, unable to read, very slow
A: sickness immunity, AC +8, negative energy resistance 1, electricity
resistance, torment resistance 1, petrification resistance
a: Renounce Religion, Upheaval, Elemental Force


You were on level 10 of the Dungeon.
You worshipped Qazlal.
Qazlal was greatly pleased with you.
You visited 1 branch of the dungeon, and saw 10 of its levels.

You collected 488 gold pieces.

Inventory:

Hand Weapons
 o - a +4 flail (weapon)
Armour
 k - a +0 pair of boots (worn)
 q - a +2 helmet of see invisible (worn)
 v - a +0 plate armour (worn)
 E - a +0 cloak (worn)
 F - a +1 pair of gloves (worn)
 G - a +0 kite shield (worn)
Jewellery
 e - a ring of ice
 j - an amulet of regeneration (around neck)
 t - a +6 ring of dexterity (left hand)
 y - a +5 ring of evasion (right hand)
Wands
 a - a wand of digging (5)
 c - a wand of roots (12)
 n - a wand of quicksilver (9)
 A - a wand of flame (44)
Scrolls
 b - 4 scrolls of fog
 g - a scroll of poison
 i - 4 scrolls of teleportation
 p - a scroll of silence
 r - a scroll of magic mapping
 w - a scroll of fear
 B - a scroll of enchant armour
Potions
 d - 3 potions of might
 f - 3 potions of curing
 h - 5 potions of ambrosia
 l - 2 potions of berserk rage
 m - a potion of invisibility
 s - 2 potions of mutation {unknown}
 u - a potion of heal wounds {unknown}
 x - 2 potions of brilliance
 z - 2 potions of haste
 C - 2 potions of flight
 D - 2 potions of magic


   Skills:
 + Level 10.3 Fighting
 + Level 9.1 Maces & Flails
 + Level 10.2 Armour
 + Level 10.2 Shields


You had 4 spell levels left.
You knew the following spells:

 Your Spells              Type           Power      Damage    Failure   Level
a - Passwall              Tmut/Erth      0%         N/A       100%        2
b - Stone Arrow           Conj/Erth      0%         3d7       100%        3
c - Sandblast             Erth           0%         2d4       100%        1

Your spell library contained the following spells:

 Spells                   Type           Power      Damage    Failure   Level
 Shock                    Conj/Air       0%         1d3       100%        1
 Slow                     Hex            0%         N/A       100%        1
 Poisonous Vapours        Pois/Air       0%         N/A       100%        2
 Confusing Touch          Hex            0%         N/A       100%        3
 Mephitic Cloud           Conj/Pois/Air  0%         N/A       100%        3
 Ozocubu's Armour         Ice            0%         N/A       100%        3
 Swiftness                Air            0%         N/A       100%        3
 Vampiric Draining        Necr           0%         2d6       100%        3
 Airstrike                Air            0%         2d(0-16)  100%        4
 Petrify                  Tmut/Erth      0%         N/A       100%        4
 Freezing Cloud           Conj/Ice/Air   0%         6-21      100%        5
 Metabolic Englaciation   Hex/Ice        0%         N/A       100%        5
 Simulacrum               Ice/Necr       0%         N/A       100%        6
 Statue Form              Tmut/Erth      Unusable   N/A       N/A         6

Dungeon Overview and Level Annotations

Branches:
Dungeon (10/15)            Temple (0/1) D:5            Lair (0/5) D:9
    Orc: D:9-12

Altars:
Dithmenos
Elyvilon
Hepliaklqana
Makhleb
Qazlal
Sif Muna
Vehumet
Xom
Yredelemnul
Zin

Shops:
D:2 (   D:7 (=   D:8 [

Annotations:
D:3 3 runed translucent doors, BlasphemerAmon's ghost, amateur DEHu; thug444's ghost, amateur OgGl
D:10 exclusion: orange crystal statue


Innate Abilities, Weirdness & Mutations

You are immune to sickness and miasma.
Your stone body is resilient. (AC +8)
You are immune to poison.
You resist negative energy. (rN+)
You are resistant to electric shocks. (rElec)
You are resistant to unholy torment.
You are immune to petrification.


Message History

You barely miss the two-headed ogre.
The two-headed ogre hits you but does no damage.
The two-headed ogre hits you with a +0 giant club!
The centaur unwields a +0 shortbow.
The centaur closely misses you. You block the centaur's attack.
You sock the two-headed ogre!
The two-headed ogre is lightly wounded.
The centaur hits you. The centaur misses you.
You block the two-headed ogre's attack.
The two-headed ogre hits you but does no damage.
The centaur barely misses you.
The centaur kicks you but does no damage.
You block the centaur's attack. x2
You barely miss the two-headed ogre.
The two-headed ogre is lightly wounded.
You block the centaur's attack.
The centaur kicks you but does no damage.
The two-headed ogre hits you with a +0 giant club!!
The two-headed ogre misses you. The centaur barely misses you.
You block the centaur's attack.
You completely miss the two-headed ogre.
The two-headed ogre is lightly wounded.
You block the centaur's attack. x2
The two-headed ogre hits you with a +0 giant club!
The two-headed ogre hits you but does no damage.
The centaur hits you but does no damage.
The centaur kicks you but does no damage.
You hit the two-headed ogre.
The two-headed ogre is moderately wounded.
You block the centaur's attack. The centaur misses you.
The two-headed ogre hits you with a +0 giant club!
* * * LOW HITPOINT WARNING * * *
The two-headed ogre hits you with a +0 giant club!
* * * LOW HITPOINT WARNING * * *
You block the centaur's attack. The centaur barely misses you.
The centaur attacks as you move away! The centaur barely misses you.
You block the centaur's attack.
The centaur wields a +0 shortbow.
The centaur shoots an arrow.
You block the arrow.
The two-headed ogre hits you with a +0 giant club!
You die...

##....## #.# #...### #.....##
####.####_##.#### .......##
##.#...######....## #
........####......##.#.......####
........'.......................'
........####...#.###.#####...####
.......## ##.##.# #.# #.....# #
#.....## ####.# #.# #.###.#
##...## #@# #<# #.# #.# ##+##
##### ##O###.###.###.# ###.#
##.Y.###c#Y##.........#### .##.#
##.?W[.###.#######.........
.##.###.?.##Y.##.# #.......####.
.#...##.:#8.).##c# #.##.##.# #.
........$###$.##Y# #.##.##.####.
.#...#...$.[.c.WY# #.##.........
.##.###.....###### #.##.##.####<


You could see a two-headed ogre (summoned), a yak (summoned) and a centaur
(summoned).

Vanquished Creatures
  Fannar (D:10)
  A two-headed ogre (D:7)
  An elephant (D:9)
  3 kobold demonologists (D:10)
  A troll (D:10)
  A hornet (D:10)
  Sigmund (D:3)
  4 wyverns
  11 yaks
  A water moccasin (D:5)
  2 orc warriors
  2 ice beasts (D:7)
  6 black bears
  3 centaurs
  3 ogres
  A phantom (D:6)
  2 bullfrogs (D:7)
  2 kobold brigands (D:10)
  5 scorpions
  A gnoll sergeant (D:10)
  13 killer bees
  6 howler monkeys (D:10)
  4 orc priests
  A gnoll bouda (D:4)
  4 hounds
  2 jellies
  3 sleepcaps
  4 iguanas (D:6)
  10 orc wizards
  14 gnolls
  7 adders
  2 shadow imps
  6 white imps
  8 worms
  3 dart slugs
  20 orcs
  6 bats
  6 endoplasms
  2 giant cockroaches
  8 goblins
  6 hobgoblins
  6 jackals
  5 quokkas
  6 ball pythons
  A ball python skeleton (D:2)
  A frilled lizard (D:2)
  14 kobolds
  5 rats
225 creatures vanquished.

Notes
Turn   | Place    | Note
-------+----------+-------------------------------------------
     0 | D:1      | Dittersdorf the Gargoyle Fighter began the quest for the
                  | Orb.
     0 | D:1      | Reached XP level 1. HP: 14/14 MP: 1/1
   154 | D:1      | Reached XP level 2. HP: 19/19 MP: 2/2
   313 | D:1      | Reached XP level 3. HP: 21/23 MP: 3/3
   799 | D:2      | Found Murphiton's Antique Weapon Shoppe.
   944 | D:2      | Found a stormy altar of Qazlal.
   975 | D:2      | Became a worshipper of Qazlal Stormbringer
  1143 | D:2      | Reached XP level 4. HP: 29/29 MP: 4/4
  1477 | D:3      | Noticed Sigmund
  1679 | D:2      | Reached XP level 5. HP: 23/33 MP: 5/5
  1842 | D:3      | Killed Sigmund
  1843 | D:3      | Reached XP level 6. HP: 30/39 MP: 6/6
  1891 | D:3      | Reached * piety under Qazlal
  2080 | D:3      | Found a runed translucent gate.
  2080 | D:3      | Found a runed translucent gate.
  2083 | D:3      | Found a runed translucent gate.
  2084 | D:3      | Noticed BlasphemerAmon's ghost (amateur DEHu)
  2084 | D:3      | Noticed thug444's ghost (amateur OgGl)
  2423 | D:4      | Reached skill level 5 in Fighting
  2549 | D:4      | Reached skill level 5 in Armour
  2567 | D:4      | Reached skill level 5 in Shields
  2567 | D:4      | Reached XP level 7. HP: 24/44 MP: 7/7
  3049 | D:5      | Entered Level 5 of the Dungeon
  3064 | D:5      | Found a shimmering blue altar of Sif Muna.
  3164 | D:5      | Found a hazy altar of Hepliaklqana.
  3166 | D:5      | Found a burning altar of Makhleb.
  3168 | D:5      | Found a radiant altar of Vehumet.
  3179 | D:5      | Reached XP level 8. HP: 36/51 MP: 8/8
  3211 | D:5      | Found a basalt altar of Yredelemnul.
  3211 | D:5      | Found a shimmering altar of Xom.
  3227 | D:5      | Found a staircase to the Ecumenical Temple.
  3287 | D:5      | Reached skill level 5 in Maces & Flails
  3526 | D:5      | Reached ** piety under Qazlal
  5366 | D:7      | Reached XP level 9. HP: 54/56 MP: 9/9
  5390 | D:7      | Noticed a two-headed ogre
  5535 | D:7      | Killed a two-headed ogre
  5668 | D:7      | Learned a level 2 spell: Passwall
  5672 | D:7      | Learned a level 3 spell: Stone Arrow
  5674 | D:7      | Learned a level 1 spell: Sandblast
  5906 | D:7      | Found Deschuil's Weapon Shoppe.
  6167 | D:7      | Found Gur Yjih's Jewellery Shop.
  6492 | D:8      | Found Fivviag's Antique Armour Shoppe.
  6514 | D:8      | Reached XP level 10. HP: 42/65 MP: 10/10
  6836 | D:8      | Reached *** piety under Qazlal
  7492 | D:9      | Identified the +2 scale mail of the Dungeon {Stlth+}
  7685 | D:9      | Noticed an elephant
  7686 | D:9      | Found a staircase to the Lair.
  7701 | D:9      | Killed an elephant
  7702 | D:9      | Reached XP level 11. HP: 38/72 MP: 11/11
  8310 | D:10     | Entered Level 10 of the Dungeon
  8325 | D:10     | Noticed Fannar
  8344 | D:10     | Killed Fannar
  8345 | D:10     | Reached skill level 10 in Fighting
  8384 | D:10     | Reached **** piety under Qazlal
  8614 | D:10     | Found a stormy altar of Qazlal.
  8733 | D:10     | Reached skill level 10 in Armour
  8733 | D:10     | Reached skill level 10 in Shields
  8943 | D:10     | Noticed an orange crystal statue
  9425 | D:10     | Found a glowing silver altar of Zin.
  9427 | D:10     | Found a shadowy altar of Dithmenos.
  9427 | D:10     | Found a white marble altar of Elyvilon.
  9606 | D:10     | Noticed a two-headed ogre
  9613 | D:10     | Lost intelligence.
  9628 | D:10     | Slain by a two-headed ogre

Illustrated notes

Levels and vault maps discovered:
D:1:      scummos_arrival_gate, layout_basic
D:2:      layout_loops_cross, basic_altar, serial_shops,
          nicolae_shop_waterfront, serial_undead, serial_undead_f,
          serial_undead_c, serial_undead_c, serial_undead_f
D:3:      layout_basic, gammafunk_ghost_cemetery, serial_park_tiny_2,
          uniq_sigmund
D:4:      layout_basic
D:5:      layout_layer_cave, grunt_temple_overflow_open,
          minmay_temple_entry_crystal_x, minmay_statues_item, nicolae_wormholes
D:6:      layout_basic, supply_closet_lemuel, nicolae_zen_rock_garden,
          nrook_loot_triangle
D:7:      hangedman_cross_stitches, layout_loops_corners, serial_shops,
          nicolae_shop_bloodbath_and_beyond, nicolae_shop_tiny_real_fake_doors,
          nicolae_concentric_dashed_squares_wild, minivault_22
D:8:      layout_cave_pools, serial_shops, shop
D:9:      layout_stronghold, david_lair_generic
D:10:     layout_loops_corners, grunt_qazlal_clouds,
          grunt_temple_overflow_diamond, minmay_protected_statue, uniq_fannar

Skill      XL: |  1  2  3  4  5  6  7  8  9 10 11 |
---------------+----------------------------------+-----
Fighting       | 4 5 6 8 9 10 | 10.3
Armour         | 4 5 6 8 9 10 | 10.2
Shields        | 4 5 6 8 9 10 | 10.2
Maces & Flails | 3 4 5 7 8 9 |  9.1

Action                     |  1- 3 |  4- 6 |  7- 9 | 10-12 || total
---------------------------+-------+-------+-------+-------++-------
  Melee: Flail             |   115 |   145 |   356 |   491 ||  1107
  Evoke: Wand              |       |       |       |     1 ||     1
    Use: Scroll            |       |       |    16 |     8 ||    24
 Armour: Steam dragon scal |    47 |    86 |   100 |       ||   233
         Plate armour      |       |       |    30 |   230 ||   260
  Dodge: Dodged            |    78 |   123 |   271 |   235 ||   707
         Repelled          |       |       |       |     1 ||     1
  Block: Buckler           |    24 |    57 |   174 |   205 ||   460
         Kite shield       |       |       |       |   165 ||   165

Table legend: (Time is in decaauts)
 A = Elapsed time spent in this place.
 B = Non-inter-level travel time spent in this place.
 C = Inter-level travel time spent in this place.
 D = Time resting spent in this place.
 E = Time spent auto-exploring this place.
 F = Levels seen in this place.
 G = Mean time per level.
                   A        B        C        D        E       F      G
               +--------+--------+--------+--------+--------+-----+--------+
         Total |   9785 |   9264 |    521 |    559 |   6488 |  10 |  978.5 |
       Dungeon |   9785 |   9264 |    521 |    559 |   6488 |  10 |  978.5 |
               +--------+--------+--------+--------+--------+-----+--------+

Top non-repeatable levels by time:
     D:5: 1412 daAuts
    D:10: 1298 daAuts
     D:7: 1145 daAuts
     D:9: 1118 daAuts
     D:2: 1007 daAuts
     D:6: 968 daAuts
     D:1: 794 daAuts
     D:8: 695 daAuts
     D:4: 680 daAuts
     D:3: 663 daAuts
